 Dungeon Crawl Stone Soup version 0.30-a0-782-ge64f9170bb (webtiles) character file.

Game seed: 1318747965699587870

1028 Crownlay the Geomancer (level 8, -1/41 HPs)
             Began as a Gargoyle Earth Elementalist on Mar 8, 2023.
             Slain by a river rat (4 damage)
             ... on level 5 of the Dungeon.
             The game lasted 00:06:55 (3897 turns).

Crownlay the Geomancer (GrEE)                       Turns: 3897, Time: 00:06:55

Health: -1/41      AC:  7    Str: 11    XL:     8   Next: 23%
Magic:  3/14       EV: 11    Int: 19    God:
Gold:   218        SH:  0    Dex: 10    Spells: 12/16 levels left

rFire   . . .      SeeInvis .    e - +0 club
rCold   . . .      Faith    .    (no shield)
rNeg    + . .      Spirit   .    a - +0 robe
rPois   ∞          Reflect  .    (no helmet)
rElec   +          Harm     .    (no cloak)
rCorr   .          Rampage  .    (no gloves)
Will    .....                    (no boots)
Stlth   +                        (no amulet)
HPRegen 0.26/turn                (no ring)
MPRegen 0.14/turn                (no ring)

@: very slow
A: sickness immunity, AC +5, negative energy resistance 1, electricity
resistance, torment resistance 1, petrification resistance
a: no special abilities


You were on level 5 of the Dungeon.
You visited 1 branch of the dungeon, and saw 5 of its levels.

You collected 218 gold pieces.

Inventory:

Hand Weapons
 e - a +0 club (weapon)
Missiles
 s - 5 silver javelins
Armour
 a - a +0 robe (worn)
 d - a +0 buckler
Jewellery
 r - a ring of positive energy
 t - an amulet of regeneration
Wands
 z - a wand of digging (9)
Scrolls
 f - a scroll of fear {unknown}
 g - 3 scrolls of teleportation {unknown}
 j - a scroll of torment {unknown}
 k - 3 scrolls of identify {unknown}
 l - a scroll of immolation {unknown}
 n - a scroll of magic mapping {unknown}
 o - a scroll of amnesia {unknown}
 q - a scroll of blinking
 v - a scroll of silence {unknown}
 x - a scroll of poison {unknown}
 y - a scroll of enchant armour {unknown}
 A - a scroll of enchant weapon {unknown}
Potions
 b - a potion of magic
 c - a potion of flight {unknown}
 h - a potion of haste {unknown}
 i - a potion of attraction {unknown}
 m - a potion of curing
 p - a potion of ambrosia {unknown}
 u - 2 potions of cancellation
 w - a potion of berserk rage {unknown}


   Skills:
 - Level 1.5 Dodging
 - Level 2.1 Stealth
 + Level 4.8 Shields
 + Level 4.6 Spellcasting
 - Level 0.7 Transmutations
 * Level 8.8 Earth Magic


You had 12 spell levels left.
You knew the following spells:

 Your Spells              Type           Power      Damage    Failure   Level
a - Sandblast             Erth           74%        2d16      1%          1
b - Stone Arrow           Conj/Erth      42%        3d9       6%          3

Your spell library contained the following spells:

 Spells                   Type           Power      Damage    Failure   Level
 Passwall                 Tmut/Erth      18%        N/A       2%          2
 Sting                    Tmut/Pois      20%        1d4       11%         1
 Petrify                  Tmut/Erth      22%        N/A       19%         4
 Poisonous Vapours        Pois/Air       8%         N/A       21%         2
 Olgreb's Toxic Radiance  Pois           4%         N/A       78%         4


Dungeon Overview and Level Annotations

Branches:
Dungeon (5/15)
 Temple: D:4-7

Altars:
Cheibriados
Dithmenos
Elyvilon
Nemelex Xobeh
Okawaru
Ru


Innate Abilities, Weirdness & Mutations

You are immune to sickness and miasma.
Your stone body is resilient. (AC +5)
You are immune to poison.
You resist negative energy. (rN+)
You are resistant to electric shocks. (rElec)
You are resistant to unholy torment.
You are immune to petrification.


Message History

The silver javelin barely misses the scorpion.
The silver javelin barely misses the river rat.
You hear a splash.
Casting: Sandblast (safe; 1% risk of failure)
Confirm with . or Enter, or press ? or * to list all spells.
Aiming: Sandblast (safe; 1% risk of failure)
Press: ? - help, Shift-Dir - straight line, f/p - scorpion
Aim: a scorpion (84% to hit)
The blast of sand hits the scorpion but does no damage.
Casting: Sandblast (safe; 1% risk of failure)
Confirm with . or Enter, or press ? or * to list all spells.
Aiming: Sandblast (safe; 1% risk of failure)
Press: ? - help, Shift-Dir - straight line, f/p - scorpion
Aim: a scorpion (84% to hit)
The blast of sand hits the scorpion.
The scorpion is lightly wounded.
Casting: Sandblast (safe; 1% risk of failure)
Confirm with . or Enter, or press ? or * to list all spells.
Aiming: Sandblast (safe; 1% risk of failure)
Press: ? - help, Shift-Dir - straight line, f/p - scorpion
Aim: a scorpion (lightly wounded, 84% to hit)
The blast of sand hits the scorpion.
The scorpion is heavily wounded.
Casting: Sandblast (safe; 1% risk of failure)
Confirm with . or Enter, or press ? or * to list all spells.
Aiming: Sandblast (safe; 1% risk of failure)
Press: ? - help, Shift-Dir - straight line, f/p - scorpion
Aim: a scorpion (heavily wounded, 84% to hit)
The blast of sand hits the scorpion!
You kill the scorpion!
The river rat bites you but does no damage.
Casting: Sandblast (safe; 1% risk of failure)
Confirm with . or Enter, or press ? or * to list all spells.
Aiming: Sandblast (safe; 1% risk of failure)
Press: ? - help, Shift-Dir - straight line, f - river rat
Aim: a river rat (82% to hit)
The blast of sand hits the river rat!
The river rat is severely wounded.
The river rat bites you.
You die...

#~~~#......
.......^ #(#~...#
......... #~#~..##
#....?...
#~~~~..###........
#~#~..............
#~~~..............
#~#..........##...
#†r~..†)<†........
#@~..........###..
############...)(.
#...... #......
#.[.... #......
#...... #......
#......


You could see a river rat.

Vanquished Creatures
  Eustachio (D:4)
  Edmund (D:4)
  Blork the orc (D:4)
  3 scorpions (D:5)
  3 hounds (D:4)
  A gnoll bouda (D:5)
  Jessica (D:3)
  3 iguanas
  8 gnolls (D:5)
  13 adders
  2 river rats (D:5)
  An ufetubus (D:4)
  2 worms
  3 dart slugs
  An orc (D:3)
  5 ball pythons
  7 bats
  10 endoplasms
  3 giant cockroaches
  3 goblins
  6 hobgoblins
  4 kobolds
  3 quokkas
  6 frilled lizards
  8 rats
99 creatures vanquished.

Notes
Turn   | Place    | Note
-------+----------+-------------------------------------------
     0 | D:1      | Crownlay the Gargoyle Earth Elementalist began the quest
                  | for the Orb.
     0 | D:1      | Reached XP level 1. HP: 10/10 MP: 3/3
   139 | D:1      | Reached skill level 4 in Earth Magic
   143 | D:1      | Reached XP level 2. HP: 9/15 MP: 0/5
   581 | D:1      | Reached skill level 1 in Shields
   581 | D:1      | Reached XP level 3. HP: 19/19 MP: 3/6
  1283 | D:2      | Reached XP level 4. HP: 24/24 MP: 5/7
  1373 | D:2      | Found an iron altar of Okawaru.
  1378 | D:2      | Learned a level 3 spell: Stone Arrow
  1412 | D:2      | Reached skill level 5 in Earth Magic
  1984 | D:3      | Noticed Jessica
  1986 | D:3      | Killed Jessica
  1987 | D:3      | Reached XP level 5. HP: 28/28 MP: 7/9
  2393 | D:3      | Found a sparkling altar of Nemelex Xobeh.
  2393 | D:3      | Found a snail-covered altar of Cheibriados.
  2400 | D:3      | Found a white marble altar of Elyvilon.
  2402 | D:3      | Found a shadowy altar of Dithmenos.
  2404 | D:3      | Found a sacrificial altar of Ru.
  2696 | D:4      | Reached skill level 6 in Earth Magic
  2714 | D:4      | Noticed Eustachio
  2728 | D:4      | Reached XP level 6. HP: 24/32 MP: 0/10
  2838 | D:4      | Killed Eustachio
  3156 | D:4      | Reached skill level 7 in Earth Magic
  3156 | D:4      | Reached XP level 7. HP: 36/36 MP: 8/12
  3205 | D:4      | Noticed Edmund
  3209 | D:4      | Killed Edmund
  3293 | D:4      | Noticed Blork the orc
  3299 | D:4      | Killed Blork the orc
  3592 | D:5      | Entered Level 5 of the Dungeon
  3627 | D:5      | Reached skill level 8 in Earth Magic
  3710 | D:5      | Reached XP level 8. HP: 40/41 MP: 7/14
  3890 | D:5      | HP: 1/41 [river rat (6)]
  3897 | D:5      | Slain by a river rat

Illustrated notes

Levels and vault maps discovered:
D:1:      tarquinn_simple_flora_water_a, layout_basic
D:2:      layout_basic, basic_altar
D:3:      layout_basic, chequers_temple_overflow_minitemple, nicolae_titane,
          uniq_jessica
D:4:      layout_loops_ring, uniq_blork_the_orc, uniq_eustachio, uniq_edmund
D:5:      layout_rooms, lightli_sewer_entry_pipes

Skill      XL: |  1  2  3  4  5  6  7 |
---------------+----------------------+-----
Earth Magic    | 4 5 6 7 8 |  8.8
Shields        | 1 2 3 4 |  4.8
Spellcasting   | 3 4 |  4.6
Dodging        | |  1.5
Stealth        | |  2.1
Transmutations | |  0.7

Action                     |  1- 3 |  4- 6 |  7- 9 || total
---------------------------+-------+-------+-------++-------
  Melee: Unarmed           |     4 |       |       ||     4
         Club              |    11 |     4 |       ||    15
  Throw: Javelin           |       |     4 |     2 ||     6
   Cast: Sandblast         |    49 |    64 |    52 ||   165
         Stone Arrow       |       |     2 |     3 ||     5
    Use: Scroll            |       |       |     2 ||     2
         Potion            |       |       |     1 ||     1
 Armour: Robe              |    15 |    20 |    12 ||    47
  Dodge: Dodged            |    19 |    32 |    29 ||    80

Table legend: (Time is in decaauts)
 A = Elapsed time spent in this place.
 B = Non-inter-level travel time spent in this place.
 C = Inter-level travel time spent in this place.
 D = Time resting spent in this place.
 E = Time spent auto-exploring this place.
 F = Levels seen in this place.
 G = Mean time per level.
                   A        B        C        D        E       F      G
               +--------+--------+--------+--------+--------+-----+--------+
         Total |   3989 |   3913 |     76 |      0 |   3104 |   5 |  797.8 |
       Dungeon |   3989 |   3913 |     76 |      0 |   3104 |   5 |  797.8 |
               +--------+--------+--------+--------+--------+-----+--------+

Top non-repeatable levels by time:
     D:1: 1073 daAuts
     D:4: 959 daAuts
     D:2: 827 daAuts
     D:3: 796 daAuts
     D:5: 332 daAuts
